 Dungeon Sprint DCSS version 0.29.1-12-g30fa7ad0bf (webtiles) character file.

Game seed: 8407487942675479991

5784 Groucho the Unseen (level 10, -16/55 HPs)
             Began as a Spriggan Enchanter on Dec 26, 2022.
             Was an Elder of Dithmenos.
             Shot with an arrow by a deep elf master archer (28 damage)
             ... in the Dungeon (Sprint II: "The Violet Keep of Menkaure").
             The game lasted 00:10:20 (2769 turns).

Groucho the Unseen (Spriggan Enchanter)             Turns: 2769, Time: 00:10:20

Health: -16/55     AC:  3    Str:  8    XL:     10   Next: 50%
Magic:  14/23      EV: 24    Int: 24    God:    Dithmenos [****..]
Gold:   3          SH:  0    Dex: 15    Spells: 9/31 levels left

rFire   . . .      SeeInvis +   a - +1 dagger
rCold   . . .      Faith    .   (no shield)
rNeg    . . .      Spirit   .   b - +0 robe
rPois   .          Reflect  .   (helmet restricted)
rElec   .          Harm     .   i - +0 cloak
rCorr   .          Rampage  .   (gloves unavailable)
Will    +....      NoTele   +   (boots unavailable)
Stlth   +++++++++.              (no amulet)
HPRegen 0.18/turn               f - ring of flight
MPRegen 0.18/turn               k - +6 ring of intelligence

@: flying, wreathed by umbra, very quick
A: very small, no large weapons, unfitting armour, see invisible, speed 3, low
MP 1
a: Renounce Religion, Shadow Step


You were in the Dungeon.
You worshipped Dithmenos.
Dithmenos was greatly pleased with you.
You visited 1 branch You collected 1296 gold pieces.
You spent 1293 gold pieces at shops.

Inventory:

Hand Weapons
 a - a +1 dagger (weapon)
Armour
 b - a +0 robe (worn)
 i - a +0 cloak (worn)
Jewellery
 f - a ring of flight (left hand)
 k - a +6 ring of intelligence (right hand)
Wands
 j - a wand of roots (6)
Scrolls
 c - a scroll of poison {unknown}
Potions
 d - 3 potions of flight {unknown}
 e - a potion of heal wounds
 g - 2 potions of magic
 h - a potion of berserk rage


   Skills:
 + Level 7.5 Fighting
 - Level 10.0 Short Blades
 + Level 12.0 Dodging
 - Level 16.0 Stealth
 + Level 11.4 Spellcasting
 * Level 6.3 Conjurations
 + Level 11.7 Hexes
 * Level 7.5 Earth Magic


You had 9 spell levels left.
You knew the following spells:

 Your Spells              Type           Power      Damage    Failure   Level
a - Confusing Touch       Hex            63%        N/A       1%          3
b - Ensorcelled Hibernat  Hex/Ice        82%        N/A       1%          2
c - Dazzling Flash        Conj/Hex       100%       N/A       1%          3
d - Tukima's Dance        Hex            63%        N/A       1%          3
e - Stone Arrow           Conj/Erth      92%        3d12      1%          3
f - Lehudib's Crystal Sp  Conj/Erth      23%        10d6      100%        8

Your spell library contained the following spells:

 Spells                   Type           Power      Damage    Failure   Level
 Animate Armour           Summ/Erth      62%        N/A       10%         4


Dungeon Overview and Level Annotations

Branches:
Dungeon (1/1)

Altars:
Cheibriados
Dithmenos
Elyvilon
Fedhas
Gozag
Hepliaklqana
Kikubaaqudgha
Makhleb
Nemelex Xobeh
Okawaru
Qazlal
Ru
Sif Muna
Trog
Uskayaw
Vehumet
Wu Jian
Xom
Yredelemnul
Zin
The Shining One
Jiyva
Lugonu

Shops:
D *=:[![?:?=!=(*(

Annotations:
D exclusions: obsidian statue and oklob plant


Innate Abilities, Weirdness & Mutations

You are very small and have problems with some larger weapons.
You are too small for most types of armour.
You have supernaturally acute eyesight. (SInv)
You cover ground extremely quickly. (Speed+++)
Your magical capacity is low. (-10% MP)


Message History

Aiming: Stone Arrow (safe; 1% risk of failure)
Press: ? - help, Shift-Dir - straight line, f - deep elf master archer
Aim: a deep elf master archer, wielding a +0 longbow and wearing a +0 leather armour (wandering, hasn't noticed you, umbra, 60% to hit)
The stone arrow misses the deep elf master archer.
The deep elf master archer shouts!
The deep elf master archer shoots an arrow.
The arrow completely misses you.
Unknown command.
Casting: Stone Arrow (safe; 1% risk of failure)
Confirm with . or Enter, or press ? or * to list all spells.
You don't know that spell.
Unknown command.
Casting: Stone Arrow (safe; 1% risk of failure)
Confirm with . or Enter, or press ? or * to list all spells.
Aiming: Stone Arrow (safe; 1% risk of failure)
Press: ? - help, Shift-Dir - straight line, f/p - deep elf master archer
Aim: a deep elf master archer, wielding a +0 longbow and wearing a +0 leather armour (umbra, 60% to hit)
The stone arrow misses the deep elf master archer.
The deep elf master archer shoots an arrow.
The arrow misses you.
The deep elf master archer shoots an arrow.
The arrow hits you!
Unknown command.
Unknown command.
Casting: Stone Arrow (safe; 1% risk of failure)
Confirm with . or Enter, or press ? or * to list all spells.
Aiming: Stone Arrow (safe; 1% risk of failure)
Press: ? - help, Shift-Dir - straight line, f/p - deep elf master archer
Aim: a deep elf master archer, wielding a +0 longbow and wearing a +0 leather armour (umbra, 60% to hit)
The stone arrow hits the deep elf master archer!
The deep elf master archer is moderately wounded.
The deep elf master archer shoots an arrow.
The arrow hits you!!
Ouch! That really hurt!
* * * LOW HITPOINT WARNING * * *
You emit a cloud of dark smoke.
The deep elf master archer shoots an arrow.
The arrow hits you!!
Ouch! That really hurt!
You die...

.°.....## °.8.○°.3##++## ##
..○○..##≈.^.### ~##....°°.
#e≈§§§..### #~~#''+#''
####@...#.## ~~~......°.
#..§§§^.#.÷#
~~~~.##+##..#..####.#..#
~~~~##...##.####..'.##.#
~~~~#..##.# ...#..#...####
~~######.####..#####..##.#▓??[[$!
~##.# #'###.##..#()'..#..#▓[(!?![
~#.####.##..##..#..#..#..#▓$[)!$)
~'##.'.<.'##.'..####..##)#▓!(!(!!


You could see a deep elf master archer.

Vanquished Creatures
  A crystal guardian (D)
  An iron elemental (D)
  2 death drakes (D)
  A merfolk siren (D)
  A yaktaur (D)
  3 polar bears (D)
  A blink frog (D)
  A hornet (D)
  3 yaks (D)
  4 neqoxecs (D)
  2 redbacks (D)
  Menkaure (D)
  2 water moccasins (D)
  2 swamp drakes (D)
  4 scorpions (D)
  3 worms (D)
32 creatures vanquished.

Notes
Turn   | Place    | Note
-------+----------+-------------------------------------------
     0 | D        | Groucho the Spriggan Enchanter began the quest for the Orb.
     0 | D        | Reached XP level 1. HP: 9/9 MP: 5/5
     7 | D        | Reached skill level 5 in Stealth
    12 | D        | Noticed a neqoxec
    16 | D        | Killed a neqoxec
    17 | D        | Reached skill level 5 in Dodging
    17 | D        | Reached skill level 9 in Stealth
    17 | D        | Reached skill level 5 in Spellcasting
    17 | D        | Reached skill level 5 in Hexes
    17 | D        | Reached XP level 2. HP: 16/16 MP: 6/9
    17 | D        | Reached XP level 3. HP: 19/19 MP: 6/10
    17 | D        | Reached XP level 4. HP: 23/23 MP: 7/12
    17 | D        | Reached XP level 5. HP: 27/27 MP: 7/13
    17 | D        | Noticed a neqoxec
    18 | D        | Killed a neqoxec
    19 | D        | Reached skill level 11 in Stealth
    19 | D        | Reached XP level 6. HP: 32/32 MP: 8/16
    21 | D        | Noticed a neqoxec
    21 | D        | Noticed a neqoxec
    26 | D        | Gained mutation: Your magical capacity is low. (-10% MP) [a
                  | neqoxec]
    43 | D        | Reached skill level 5 in Short Blades
    44 | D        | Reached skill level 12 in Stealth
    49 | D        | Reached skill level 13 in Stealth
    55 | D        | Killed a neqoxec
    56 | D        | Reached XP level 7. HP: 38/38 MP: 10/17
    61 | D        | Noticed an obsidian statue
    72 | D        | Noticed a merfolk siren
    75 | D        | Killed a merfolk siren
    76 | D        | Reached skill level 5 in Fighting
    76 | D        | Reached skill level 14 in Stealth
    82 | D        | Noticed Menkaure
    90 | D        | Learned a level 3 spell: Confusing Touch
    93 | D        | Killed Menkaure
    94 | D        | Reached skill level 15 in Stealth
    94 | D        | Reached XP level 8. HP: 43/43 MP: 13/19
   100 | D        | Learned a level 2 spell: Ensorcelled Hibernation
   104 | D        | Learned a level 3 spell: Dazzling Flash
   108 | D        | Learned a level 3 spell: Tukima's Dance
   123 | D        | Found Ixerell's Antique Weapon Shop.
   123 | D        | Found Osaal's Jewellery Boutique.
   123 | D        | Found Rihebb's Antique Weapon Shop.
   123 | D        | Found Atzibren's Distillery.
   123 | D        | Found Otituh's Assorted Antiques.
   124 | D        | Found Ojyosch's Jewellery Shop.
   124 | D        | Found Janoujoe's Magic Scroll Boutique.
   124 | D        | Found Ganif's Book Shop.
   128 | D        | Found Togitzig's Magic Scroll Shop.
   128 | D        | Found Gofengef's Antique Armour Boutique.
   130 | D        | Noticed an unseen horror
   561 | D        | Found Metuof's Distillery.
   561 | D        | Found Eghea's Antique Armour Shop.
   561 | D        | Noticed an unseen horror
   561 | D        | Noticed an oklob plant
   562 | D        | Found Norgher's Jewellery Shop.
   562 | D        | Found Leforo Hodd's Book Shoppe.
   562 | D        | Found Yceopn's Assorted Antiques.
   580 | D        | Noticed a cane toad
   596 | D        | Bought a ring of flight for 245 gold pieces
   600 | D        | Bought a book of Armaments for 468 gold pieces
   604 | D        | Learned a level 3 spell: Stone Arrow
   640 | D        | Found a glowing golden altar of the Shining One.
   640 | D        | Found an ornate altar of the Wu Jian Council.
   641 | D        | Found a shimmering altar of Xom.
   641 | D        | Found a sacrificial altar of Ru.
   642 | D        | Found a basalt altar of Yredelemnul.
   642 | D        | Found a shimmering blue altar of Sif Muna.
   643 | D        | Found a glowing silver altar of Zin.
   643 | D        | Found a bloodstained altar of Trog.
   643 | D        | Found an ancient bone altar of Kikubaaqudgha.
   643 | D        | Found a stormy altar of Qazlal.
   643 | D        | Found a viscous altar of Jiyva.
   644 | D        | Found a hide-covered altar of Uskayaw.
   644 | D        | Found a corrupted altar of Lugonu.
   644 | D        | Found a shadowy altar of Dithmenos.
   645 | D        | Found a radiant altar of Vehumet.
   645 | D        | Found a burning altar of Makhleb.
   645 | D        | Found a white marble altar of Elyvilon.
   646 | D        | Found a sparkling altar of Nemelex Xobeh.
   646 | D        | Found a blossoming altar of Fedhas.
   648 | D        | Found an iron altar of Okawaru.
   648 | D        | Found an opulent altar of Gozag.
   648 | D        | Noticed a polar bear
   650 | D        | Found a hazy altar of Hepliaklqana.
   650 | D        | Found a snail-covered altar of Cheibriados.
   650 | D        | Noticed a hornet
   651 | D        | Noticed a yaktaur
   660 | D        | Noticed a flying skull
   661 | D        | Became a worshipper of Dithmenos the Shadowed
   665 | D        | Noticed a polar bear
   670 | D        | Noticed a polar bear
   677 | D        | Killed a polar bear
   678 | D        | Reached skill level 16 in Stealth
   678 | D        | Reached skill level 1 in Conjurations
   678 | D        | Reached skill level 1 in Earth Magic
   680 | D        | Killed a polar bear
   681 | D        | Reached skill level 10 in Dodging
   693 | D        | Killed a hornet
   693 | D        | Reached * piety under Dithmenos
   694 | D        | Reached skill level 10 in Hexes
   694 | D        | Reached XP level 9. HP: 27/48 MP: 16/21
   696 | D        | Killed a yaktaur
   713 | D        | Killed a polar bear
   905 | D        | Reached ** piety under Dithmenos
   906 | D        | Reached skill level 10 in Spellcasting
   918 | D        | Noticed a deep elf master archer
  1362 | D        | Reached skill level 5 in Earth Magic
  1364 | D        | Reached *** piety under Dithmenos
  1786 | D        | Noticed an iron elemental
  1789 | D        | Killed an iron elemental
  1793 | D        | Noticed a death drake
  1794 | D        | Noticed a death drake
  1794 | D        | Noticed a crystal guardian
  1796 | D        | Reached skill level 5 in Conjurations
  1797 | D        | Killed a crystal guardian
  1798 | D        | Reached XP level 10. HP: 55/55 MP: 23/23
  1798 | D        | Killed a death drake
  1798 | D        | Reached **** piety under Dithmenos
  1801 | D        | Killed a death drake
  2084 | D        | Found the +7 mace of Variability {chain chaos}
  2114 | D        | Reached skill level 10 in Short Blades
  2140 | D        | Bought a jewelled iron wand for 112 gold pieces
  2148 | D        | Bought a +6 ring of intelligence for 468 gold pieces
  2158 | D        | Learned a level 8 spell: Lehudib's Crystal Spear
  2769 | D        | Shot with an arrow by a deep elf master archer

Illustrated notes

Levels and vault maps discovered:
D:        the_violet_keep_of_menkaure [sprint2_stairs_cluster_1,
          sprint2_shoproom, sprint2_temple, sprint2_basic_supplies,
          sprint2_obstacle_5, sprint2_obstacle_1, sprint2_obstacle_3,
          sprint2_obstacle_7, sprint2_obstacle_2, sprint2_timed_cluster_1,
          sprint2_smallroom_cluster_1, sprint2_smallroom_final_cluster_1,
          sprint2_transparent_cluster_1, sprint2_second_timed_cluster_1,
          sprint2_sniper_area_1, sprint2_heavy_combat_area_1,
          sprint2_mutation_trap_area_1, sprint2_forest_area_1,
          sprint2_light_combat_area_1, sprint2_behind_water_1,
          sprint2_near_end_vault_1]

Skill      XL: |  1  2  3  4  5  6  7  8  9 10 |
---------------+-------------------------------+-----
Stealth        | 9 11 13 15 16 | 16.0
Spellcasting   | 5 6 7 8 9 11 | 11.4
Hexes          | 5 6 8 9 10 11 | 11.7
Fighting       | 2 3 4 5 6 7 |  7.5
Short Blades   | 3 4 6 7 8 9 10 | 10.0
Dodging        | 5 6 8 9 10 11 12 | 12.0
Conjurations   | 2 5 6 |  6.3
Earth Magic    | 3 6 7 |  7.5

Action                   |  1- 3 |  4- 6 |  7- 9 | 10-12 || total
-------------------------+-------+-------+-------+-------++-------
Melee: Dagger            |     3 |    19 |    49 |     4 ||    75
       Punch             |       |     1 |     1 |       ||     2
 Cast: Ensorcelled Hiber |       |       |    17 |       ||    17
       Confusing Touch   |       |       |     4 |       ||     4
       Stone Arrow       |       |       |       |     3 ||     3
       Dazzling Flash    |       |       |       |     2 ||     2
  Use: Potion            |     2 |       |     2 |       ||     4
       Scroll            |       |       |     1 |       ||     1
 Stab: Sleeping          |     2 |     1 |    15 |     4 ||    22
       Invisible         |     1 |     6 |     9 |       ||    16
       Distracted        |       |       |     1 |       ||     1
Armor: Robe              |       |       |     1 |       ||     1
Dodge: Dodged            |       |    12 |    28 |     3 ||    43
